PIO (24 & UNDER)
EAU CLAIRE ESQUIRES @ SALEM SLEDGEHAMMERS
07/06/2024
 
TOP OF THE 1ST
Eau Claire Esquires batting - Pitching for Salem Sledgehammers : RHP José López
Pitching: RHP José López
Batting: LHB Manny Salazar 0-0: Ground out 4-3 (Groundball, 4)
Batting: RHB Norm Francis 0-0: Ball
1-0: DOUBLE (Groundball, 5L)
Batting: LHB Howard Lambert 0-0: Foul Ball, location: 2F
0-1: Foul Ball, location: 2F
0-2: Ball
1-2: Foul Ball, location: 2F
1-2: Ball
2-2: Foul Ball, location: 2F
2-2: Fly out, F9 (Line Drive, 9M)
Batting: RHB Seiji Kouno 0-0: Called Strike
0-1: Called Strike
0-2: Ground out 5-3 (Groundball, 5S)
Top of the 1st over - 0 run(s), 1 hit(s), 0 error(s), 1 left on base; Eau Claire 0 - Salem 0
BOTTOM OF THE 1ST
Salem Sledgehammers batting - Pitching for Eau Claire Esquires : RHP Ray Johnston
Pitching: RHP Ray Johnston
Batting: RHB Dale Reeves 0-0: Fly out, F9 (Flyball, 9LS)
Batting: LHB José Rivera 0-0: Ball
1-0: Fly out, F8 (Flyball, 8RXD)
Batting: LHB Nathan Frey 0-0: Called Strike
0-1: Ball
1-1: Called Strike
1-2: Strikes out swinging
Bottom of the 1st over - 0 run(s), 0 hit(s), 0 error(s), 0 left on base; Eau Claire 0 - Salem 0
TOP OF THE 2ND
Eau Claire Esquires batting - Pitching for Salem Sledgehammers : RHP José López
Batting: RHB Roberto García 0-0: Foul Ball, location: 2F
0-1: Ground out 5-3 (Groundball, 5S)
Batting: SHB António De La Cruz 0-0: SINGLE (Groundball, 3L)
Batting: LHB John Frost 0-0: Grounds into double play, U3-6 (Groundball, 3L)
Top of the 2nd over - 0 run(s), 1 hit(s), 0 error(s), 0 left on base; Eau Claire 0 - Salem 0
BOTTOM OF THE 2ND
Salem Sledgehammers batting - Pitching for Eau Claire Esquires : RHP Ray Johnston
Batting: RHB Valentino Agnelli 0-0: Ball
1-0: Ball
2-0: Called Strike
2-1: Called Strike
2-2: Strikes out swinging
Batting: LHB Juan Aguilar 0-0: Swinging Strike
0-1: Foul Ball, location: 2F
0-2: Ball
1-2: Ball
2-2: Strikes out swinging
Batting: LHB Brent Alonzo 0-0: Called Strike
0-1: Ball
1-1: Ball
2-1: DOUBLE (Line Drive, 78M)
Batting: SHB Luis Alonso 0-0: Fly out, F9 (Flyball, 9M)
Bottom of the 2nd over - 0 run(s), 1 hit(s), 0 error(s), 1 left on base; Eau Claire 0 - Salem 0
TOP OF THE 3RD
Eau Claire Esquires batting - Pitching for Salem Sledgehammers : RHP José López
Batting: RHB Carlos Rea 0-0: Ground out 3-1 (Groundball, 34S)
Batting: RHB Herb Bunch 0-0: Ball
1-0: Called Strike
1-1: SINGLE (Flyball, 89S)
Batting: LHB Manny Salazar 0-0: Called Strike
0-1: Ball
1-1: Ball
2-1: Called Strike
2-2: Strikes out swinging
Batting: RHB Norm Francis 0-0: DOUBLE (Line Drive, 5D)
Herb Bunch to third
Runner from 3rd tries for Home, SAFE, no throw or cutoff
Batting: LHB Howard Lambert 0-0: DOUBLE (Line Drive, 9LS)
Norm Francis scores
Batting: RHB Seiji Kouno 0-0: Called Strike
0-1: Swinging Strike
0-2: Strikes out swinging
Top of the 3rd over - 2 run(s), 3 hit(s), 0 error(s), 1 left on base; Eau Claire 2 - Salem 0
BOTTOM OF THE 3RD
Salem Sledgehammers batting - Pitching for Eau Claire Esquires : RHP Ray Johnston
Batting: RHB Soshu Nakamura 0-0: Ball
1-0: Ball
2-0: Ball
3-0: Base on Balls
Batting: RHB Gilberto Silva 0-0: Called Strike
0-1: Foul Ball, location: 2F
0-2: Ball
1-2: Ball
2-2: Fly out, F8 (Flyball, 8LM)
Batting: RHB Dale Reeves 0-0: Swinging Strike
0-1: Ball
1-1: Ball
Soshu Nakamura steals 2nd base
2-1: Ground out 4-3 (Groundball, 4M)
Soshu Nakamura to third
Batting: LHB José Rivera 0-0: Foul Ball, location: 2F
0-1: Ball
1-1: SINGLE (Line Drive, 34D)
Soshu Nakamura scores
Batting: LHB Nathan Frey 0-0: Fly out, F6 (Popup, 5D)
Bottom of the 3rd over - 1 run(s), 1 hit(s), 0 error(s), 1 left on base; Eau Claire 2 - Salem 1
TOP OF THE 4TH
Eau Claire Esquires batting - Pitching for Salem Sledgehammers : RHP José López
Batting: RHB Roberto García 0-0: Called Strike
0-1: Called Strike
0-2: Strikes out swinging
Batting: SHB António De La Cruz 0-0: Ball
1-0: Ball
2-0: Foul Ball, location: 2F
2-1: Called Strike
2-2: Ground out 4-3 (Groundball, 4)
Batting: LHB John Frost 0-0: Foul Ball, location: 2F
0-1: Ball
1-1: SINGLE (Line Drive, 89S)
Batting: RHB Carlos Rea 0-0: Fly out, F9 (Flyball, 9D)
Top of the 4th over - 0 run(s), 1 hit(s), 0 error(s), 1 left on base; Eau Claire 2 - Salem 1
BOTTOM OF THE 4TH
Salem Sledgehammers batting - Pitching for Eau Claire Esquires : RHP Ray Johnston
Batting: RHB Valentino Agnelli 0-0: Foul Ball, location: 2F
0-1: Fly out, F9 (Flyball, 8RM)
Batting: LHB Juan Aguilar 0-0: Ball
1-0: Foul Ball, location: 2F
1-1: Foul Ball, location: 2F
1-2: SINGLE (Line Drive, 4D)
Batting: LHB Brent Alonzo 0-0: Foul Ball, location: 2F
0-1: Ball
1-1: Fielders Choice at 2nd, 3-6 (Groundball, 34)
Batting: SHB Luis Alonso 0-0: Called Strike
0-1: Ground out U3 (Groundball, 3L)
Bottom of the 4th over - 0 run(s), 1 hit(s), 0 error(s), 1 left on base; Eau Claire 2 - Salem 1
TOP OF THE 5TH
Eau Claire Esquires batting - Pitching for Salem Sledgehammers : RHP José López
Batting: RHB Herb Bunch 0-0: Ball
1-0: Swinging Strike
1-1: Called Strike
1-2: Strikes out looking
Batting: LHB Manny Salazar 0-0: Ball
1-0: Ground out 4-3 (Groundball, 34)
Batting: RHB Norm Francis 0-0: Foul Ball, location: 2F
0-1: Ball
1-1: Foul Ball, location: 2F
1-2: Ground out 6-3 (Groundball, 6M)
Top of the 5th over - 0 run(s), 0 hit(s), 0 error(s), 0 left on base; Eau Claire 2 - Salem 1
BOTTOM OF THE 5TH
Salem Sledgehammers batting - Pitching for Eau Claire Esquires : RHP Ray Johnston
Batting: RHB Soshu Nakamura 0-0: Called Strike
0-1: Ball
1-1: Ball
2-1: Foul Ball, location: 2F
2-2: Ball
3-2: Foul Ball, location: 2F
3-2: Hit by Pitch
Batting: RHB Gilberto Silva 0-0: Ball
1-0: Grounds into double play, 6-4-3 (Groundball, 6)
Batting: RHB Dale Reeves 0-0: Swinging Strike
0-1: Ball
1-1: Ball
2-1: Foul Ball, location: 2F
2-2: Ground out 5-3 (Groundball, 56)
Bottom of the 5th over - 0 run(s), 0 hit(s), 0 error(s), 0 left on base; Eau Claire 2 - Salem 1
TOP OF THE 6TH
Eau Claire Esquires batting - Pitching for Salem Sledgehammers : RHP José López
Batting: LHB Howard Lambert 0-0: Ball
1-0: Foul Ball, location: 2F
1-1: Ball
2-1: Ground out 4-3 (Groundball, 4)
Batting: RHB Seiji Kouno 0-0: Ball
1-0: SINGLE (Groundball, 34D)
Batting: RHB Roberto García 0-0: Ball
1-0: Ball
2-0: Ball
3-0: Base on Balls
Seiji Kouno to second
Batting: SHB António De La Cruz 0-0: Called Strike
0-1: Ball
1-1: Ball
2-1: Called Strike
2-2: Foul Ball, location: 2F
2-2: Ball
3-2: Foul Ball, location: 2F
3-2: Strikes out swinging
Batting: LHB John Frost 0-0: Ball
1-0: Fielders Choice at 2nd, 5-4 (Groundball, 56)
Top of the 6th over - 0 run(s), 1 hit(s), 0 error(s), 1 left on base; Eau Claire 2 - Salem 1
BOTTOM OF THE 6TH
Salem Sledgehammers batting - Pitching for Eau Claire Esquires : RHP Ray Johnston
Batting: LHB José Rivera 0-0: Ball
1-0: Ground out 4-3 (Groundball, 4)
Batting: LHB Nathan Frey 0-0: Swinging Strike
0-1: Fly out, F7 (Flyball, 7M)
Batting: RHB Valentino Agnelli 0-0: Ball
1-0: Foul Ball, location: 2F
1-1: Ball
2-1: Foul Ball, location: 2F
2-2: Foul Ball, location: 2F
2-2: Strikes out swinging
Bottom of the 6th over - 0 run(s), 0 hit(s), 0 error(s), 0 left on base; Eau Claire 2 - Salem 1
TOP OF THE 7TH
Eau Claire Esquires batting - Pitching for Salem Sledgehammers : RHP José López
Batting: RHB Carlos Rea 0-0: Called Strike
0-1: Ball
1-1: Ball
2-1: Called Strike
2-2: Foul Ball, location: 2F
2-2: Strikes out swinging
Batting: RHB Herb Bunch 0-0: Ball
1-0: Foul Ball, location: 2F
1-1: Ball
2-1: Swinging Strike
2-2: Strikes out swinging
Batting: LHB Manny Salazar 0-0: Ball
1-0: Called Strike
1-1: Called Strike
1-2: Ball
2-2: Strikes out looking
Top of the 7th over - 0 run(s), 0 hit(s), 0 error(s), 0 left on base; Eau Claire 2 - Salem 1
BOTTOM OF THE 7TH
Salem Sledgehammers batting - Pitching for Eau Claire Esquires : RHP Ray Johnston
Batting: LHB Juan Aguilar 0-0: Called Strike
0-1: Ground out 1-3 (Groundball, 13)
Batting: LHB Brent Alonzo 0-0: Swinging Strike
0-1: Ball
1-1: Foul Ball, location: 2F
1-2: Ball
2-2: Foul Ball, location: 2F
2-2: Foul Ball, location: 2F
2-2: Ball
3-2: Base on Balls
Pitching: RHP Armando Torres
Batting: SHB Luis Alonso 0-0: Called Strike
Brent Alonzo is caught stealing 2nd base
0-1: Called Strike
0-2: Fly out, F7 (Flyball, 78S)
Bottom of the 7th over - 0 run(s), 0 hit(s), 0 error(s), 0 left on base; Eau Claire 2 - Salem 1
TOP OF THE 8TH
Eau Claire Esquires batting - Pitching for Salem Sledgehammers : RHP José López
Pitching: RHP Vaughan Gillespie
Batting: RHB Norm Francis 0-0: Foul Ball, location: 2F
0-1: Called Strike
0-2: Ball
1-2: Ball
2-2: Foul Ball, location: 2F
2-2: Ball
3-2: Strikes out swinging
Batting: LHB Howard Lambert 0-0: Ball
1-0: Foul Ball, location: 2F
1-1: Swinging Strike
1-2: Ball
2-2: Ball
3-2: Foul Ball, location: 2F
3-2: Strikes out swinging
Batting: RHB Seiji Kouno 0-0: DOUBLE (Flyball, 7LM)
Batting: RHB Roberto García 0-0: Ball
1-0: Foul Ball, location: 2F
1-1: Ball
2-1: SINGLE (Line Drive, 9S)
Seiji Kouno to third
Runner from 3rd tries for Home, SAFE, no throw or cutoff
Batting: SHB António De La Cruz 0-0: Called Strike
0-1: Ball
1-1: Called Strike
1-2: Ball
2-2: Strikes out swinging
Top of the 8th over - 1 run(s), 2 hit(s), 0 error(s), 1 left on base; Eau Claire 3 - Salem 1
BOTTOM OF THE 8TH
Salem Sledgehammers batting - Pitching for Eau Claire Esquires : RHP Armando Torres
Batting: RHB Soshu Nakamura 0-0: Swinging Strike
0-1: Fly out, F7 (Flyball, 7LMF)
Batting: RHB Gilberto Silva 0-0: Ball
1-0: Swinging Strike
1-1: Ball
2-1: Called Strike
2-2: Ground out 6-3 (Groundball, 6)
Batting: RHB Dale Reeves 0-0: Ball
1-0: Ball
2-0: Ball
3-0: Base on Balls
Pitching: LHP Charlie Conner
Batting: LHB José Rivera 0-0: Ball
1-0: Fly out, F9 (Line Drive, 89S)
Bottom of the 8th over - 0 run(s), 0 hit(s), 0 error(s), 1 left on base; Eau Claire 3 - Salem 1
TOP OF THE 9TH
Eau Claire Esquires batting - Pitching for Salem Sledgehammers : RHP Jeff Hansen
Pitching: RHP Jeff Hansen
Batting: LHB John Frost 0-0: Ball
1-0: Ball
2-0: Called Strike
2-1: Foul Ball, location: 2F
2-2: Foul Ball, location: 2F
2-2: Ball
3-2: Strikes out looking
Batting: RHB Carlos Rea 0-0: Called Strike
0-1: Foul Ball, location: 2F
0-2: Ball
1-2: Ball
2-2: Strikes out looking
Batting: RHB Herb Bunch 0-0: Foul Ball, location: 2F
0-1: Foul Ball, location: 2F
0-2: Ball
1-2: Strikes out swinging
Top of the 9th over - 0 run(s), 0 hit(s), 0 error(s), 0 left on base; Eau Claire 3 - Salem 1
BOTTOM OF THE 9TH
Salem Sledgehammers batting - Pitching for Eau Claire Esquires : LHP Charlie Conner
Pitching: LHP Rob Lucas
Batting: LHB Nathan Frey 0-0: Ground out 4-3 (Groundball, 34)
Batting: RHB Valentino Agnelli 0-0: Foul Ball, location: 2F
0-1: Ball
1-1: Ball
2-1: Reached on error, E6 (Groundball, 56)
Batting: LHB Juan Aguilar 0-0: Called Strike
0-1: Ball
1-1: Ball
2-1: Swinging Strike
2-2: Foul Ball, location: 2F
2-2: Foul Ball, location: 2F
2-2: Ball
3-2: Base on Balls
Batting: LHB Brent Alonzo 0-0: Swinging Strike
0-1: Ball
1-1: Swinging Strike
1-2: Foul Ball, location: 2F
1-2: Strikes out swinging
Batting: SHB Luis Alonso 0-0: Called Strike
0-1: DOUBLE (Flyball, 78XD)
Valentino Agnelli scores
Juan Aguilar to third
Runner from 3rd tries for Home, SAFE, no throw or cutoff
Batting: RHB Soshu Nakamura 0-0: Called Strike
0-1: Ball
1-1: Ball
2-1: Ball
3-1: Called Strike
3-2: Base on Balls
Pinch Hitting: RHB Brad French 0-0: Ball
1-0: Called Strike
1-1: Ball
2-1: Fly out, F7 (Line Drive, 78S)
Bottom of the 9th over - 2 run(s), 1 hit(s), 1 error(s), 2 left on base; Eau Claire 3 - Salem 3
TOP OF THE 10TH
Eau Claire Esquires batting - Pitching for Salem Sledgehammers : RHP Jeff Hansen
Pitching: LHP Don Sutherland
Now at C: Brad French
Pinch Hitting: RHB Tony Vázquez 0-0: Ball
1-0: Fly out, F3 (Popup, 23F)
Batting: RHB Norm Francis 0-0: Ball
1-0: Swinging Strike
1-1: Called Strike
1-2: Strikes out swinging
Batting: LHB Howard Lambert 0-0: Called Strike
0-1: Foul Ball, location: 2F
0-2: Ball
1-2: Strikes out swinging
Top of the 10th over - 0 run(s), 0 hit(s), 0 error(s), 0 left on base; Eau Claire 3 - Salem 3
BOTTOM OF THE 10TH
Salem Sledgehammers batting - Pitching for Eau Claire Esquires : LHP Rob Lucas
Now in CF: Jorge Fernández
Batting: RHB Dale Reeves 0-0: Called Strike
0-1: Ball
1-1: Called Strike
1-2: Foul Ball, location: 2F
1-2: Foul Ball, location: 2F
1-2: Strikes out swinging
Batting: LHB José Rivera 0-0: Ball
1-0: Swinging Strike
1-1: Foul Ball, location: 2F
1-2: Strikes out swinging
Batting: LHB Nathan Frey 0-0: Swinging Strike
0-1: Ball
1-1: Called Strike
1-2: Ball
2-2: Ground out 3-1 (Groundball, 34)
Bottom of the 10th over - 0 run(s), 0 hit(s), 0 error(s), 0 left on base; Eau Claire 3 - Salem 3
TOP OF THE 11TH
Eau Claire Esquires batting - Pitching for Salem Sledgehammers : LHP Don Sutherland
Batting: RHB Seiji Kouno 0-0: Called Strike
0-1: Called Strike
0-2: Strikes out swinging
Batting: RHB Roberto García 0-0: Called Strike
0-1: Ball
1-1: Swinging Strike
1-2: Strikes out swinging
Batting: SHB António De La Cruz 0-0: Called Strike
0-1: Foul Ball, location: 2F
0-2: Foul Ball, location: 2F
0-2: Ball
1-2: Foul Ball, location: 2F
1-2: Foul Ball, location: 2F
1-2: Strikes out looking
Top of the 11th over - 0 run(s), 0 hit(s), 0 error(s), 0 left on base; Eau Claire 3 - Salem 3
BOTTOM OF THE 11TH
Salem Sledgehammers batting - Pitching for Eau Claire Esquires : LHP Rob Lucas
Pitching: RHP Sean Bass
Batting: RHB Valentino Agnelli 0-0: Ball
1-0: Fly out, F9 (Flyball, 9M)
Batting: LHB Juan Aguilar 0-0: Ball
1-0: Ball
2-0: SINGLE (Groundball, 34D)
Batting: LHB Brent Alonzo 0-0: Ball
1-0: Ball
2-0: Foul Ball, location: 2F
2-1: Called Strike
2-2: Foul Ball, location: 2F
2-2: Fly out, F3 (Line Drive, 3L)
Batting: SHB Luis Alonso 0-0: Fielders Choice at 2nd, U6 (Groundball, 6M)
Bottom of the 11th over - 0 run(s), 1 hit(s), 0 error(s), 1 left on base; Eau Claire 3 - Salem 3
TOP OF THE 12TH
Eau Claire Esquires batting - Pitching for Salem Sledgehammers : LHP Don Sutherland
Pitching: LHP Nick Johnson
Pinch Hitting: LHB Edwin Ryan 0-0: Foul Ball, location: 2F
0-1: Fly out, F7 (Flyball, 7LM)
Batting: RHB Carlos Rea 0-0: Called Strike
0-1: Foul Ball, location: 2F
0-2: Ball
1-2: Strikes out looking
Batting: RHB Herb Bunch 0-0: Called Strike
0-1: Foul Ball, location: 2F
0-2: Ball
1-2: Ball
2-2: Foul Ball, location: 2F
2-2: Strikes out looking
Top of the 12th over - 0 run(s), 0 hit(s), 0 error(s), 0 left on base; Eau Claire 3 - Salem 3
BOTTOM OF THE 12TH
Salem Sledgehammers batting - Pitching for Eau Claire Esquires : RHP Sean Bass
Now in RF: Edwin Ryan
Batting: RHB Soshu Nakamura 0-0: Called Strike
0-1: Foul Ball, location: 2F
0-2: Ball
1-2: Foul Ball, location: 2F
1-2: Foul Ball, location: 2F
1-2: Fly out, F8 (Flyball, 89M)
Batting: RHB Brad French 0-0: Ball
1-0: Foul Ball, location: 2F
1-1: SINGLE (Line Drive, 8LS)
Batting: RHB Dale Reeves 0-0: Ball
1-0: Called Strike
1-1: Ball
2-1: Ball
3-1: Base on Balls
Brad French to second
Batting: LHB José Rivera 0-0: Ball
1-0: Fielders Choice at 2nd, 4-6 (Groundball, 4)
Brad French to third
Batting: LHB Nathan Frey 0-0: Ball
1-0: Called Strike
1-1: Ball
2-1: Ball
3-1: Swinging Strike
3-2: Fly out, F7 (Flyball, 78M)
Bottom of the 12th over - 0 run(s), 1 hit(s), 0 error(s), 2 left on base; Eau Claire 3 - Salem 3
TOP OF THE 13TH
Eau Claire Esquires batting - Pitching for Salem Sledgehammers : LHP Nick Johnson
Pinch Hitting: SHB Tim Johnson 0-0: Ball
1-0: Ball
2-0: Foul Ball, location: 2F
2-1: Foul Ball, location: 2F
2-2: Ball
3-2: Strikes out swinging
Batting: RHB Norm Francis 0-0: Fly out, F7 (Flyball, 78M)
Batting: LHB Howard Lambert 0-0: Ground out 4-3 (Groundball, 4)
Top of the 13th over - 0 run(s), 0 hit(s), 0 error(s), 0 left on base; Eau Claire 3 - Salem 3
BOTTOM OF THE 13TH
Salem Sledgehammers batting - Pitching for Eau Claire Esquires : RHP Sean Bass
Now in CF: Luis Pérez
Batting: RHB Valentino Agnelli 0-0: Ball
1-0: Foul Ball, location: 2F
1-1: Swinging Strike
1-2: Strikes out swinging
Batting: LHB Juan Aguilar 0-0: Called Strike
0-1: Swinging Strike
0-2: Ball
1-2: Foul Ball, location: 2F
1-2: Ball
2-2: Foul Ball, location: 2F
2-2: SINGLE (Line Drive, 89S)
Batting: LHB Brent Alonzo 0-0: Ball
1-0: Ball
Juan Aguilar steals 2nd base
2-0: Intentional Walk
Batting: SHB Luis Alonso 0-0: Fly out, F6 (Popup, 56D)
Batting: RHB Soshu Nakamura 0-0: Called Strike
0-1: Swinging Strike
0-2: Strikes out swinging
Bottom of the 13th over - 0 run(s), 1 hit(s), 0 error(s), 2 left on base; Eau Claire 3 - Salem 3
TOP OF THE 14TH
Eau Claire Esquires batting - Pitching for Salem Sledgehammers : LHP Nick Johnson
Batting: RHB Seiji Kouno 0-0: Ground out 1-3 (Groundball, 23)
Batting: RHB Roberto García 0-0: Foul Ball, location: 2F
0-1: Fly out, F8 (Flyball, 8RM)
Batting: SHB António De La Cruz 0-0: Foul Ball, location: 2F
0-1: Ball
1-1: Ground out 5-3 (Groundball, 6S)
Top of the 14th over - 0 run(s), 0 hit(s), 0 error(s), 0 left on base; Eau Claire 3 - Salem 3
BOTTOM OF THE 14TH
Salem Sledgehammers batting - Pitching for Eau Claire Esquires : RHP Sean Bass
Batting: RHB Brad French 0-0: Called Strike
0-1: Ball
1-1: Ball
2-1: Called Strike
2-2: Strikes out swinging
Batting: RHB Dale Reeves 0-0: Swinging Strike
0-1: Ball
1-1: Ball
2-1: Foul Ball, location: 2F
2-2: Foul Ball, location: 2F
2-2: Fly out, F7 (Flyball, 7S)
Pitching: RHP Kyle Horton
Batting: LHB José Rivera 0-0: Ball
1-0: Foul Ball, location: 2F
1-1: Foul Ball, location: 2F
1-2: Ball
2-2: Fly out, F9 (Flyball, 9D)
Bottom of the 14th over - 0 run(s), 0 hit(s), 0 error(s), 0 left on base; Eau Claire 3 - Salem 3
TOP OF THE 15TH
Eau Claire Esquires batting - Pitching for Salem Sledgehammers : LHP Nick Johnson
Batting: LHB Edwin Ryan 0-0: Foul Ball, location: 2F
0-1: Foul Ball, location: 2F
0-2: Strikes out swinging
Batting: RHB Carlos Rea 0-0: Foul Ball, location: 2F
0-1: Ground out U3 (Groundball, 3S)
Batting: RHB Herb Bunch 0-0: Ball
1-0: Foul Ball, location: 2F
1-1: Ball
2-1: Swinging Strike
2-2: Ball
3-2: Fly out, F7 (Flyball, 7M)
Top of the 15th over - 0 run(s), 0 hit(s), 0 error(s), 0 left on base; Eau Claire 3 - Salem 3
BOTTOM OF THE 15TH
Salem Sledgehammers batting - Pitching for Eau Claire Esquires : RHP Kyle Horton
Batting: LHB Nathan Frey 0-0: Ball
1-0: Called Strike
1-1: Fly out, F6 (Popup, 6MD)
Batting: RHB Valentino Agnelli 0-0: Called Strike
0-1: Foul Ball, location: 2F
0-2: Strikes out looking
Batting: LHB Juan Aguilar 0-0: Ground out 4-3 (Groundball, 4M)
Bottom of the 15th over - 0 run(s), 0 hit(s), 0 error(s), 0 left on base; Eau Claire 3 - Salem 3
TOP OF THE 16TH
Eau Claire Esquires batting - Pitching for Salem Sledgehammers : LHP Nick Johnson
Batting: RHB Luis Pérez 0-0: Ball
1-0: Swinging Strike
1-1: Ball
2-1: Called Strike
2-2: Strikes out looking
Batting: RHB Norm Francis 0-0: Ball
1-0: Ball
2-0: DOUBLE (Line Drive, 78M)
Pitching: LHP Allen Purss
Batting: LHB Howard Lambert 0-0: Called Strike
0-1: Ball
1-1: Ball
2-1: Foul Ball, location: 2F
2-2: Strikes out swinging
Batting: RHB Seiji Kouno 0-0: Ball
1-0: Called Strike
1-1: Swinging Strike
1-2: Ball
2-2: Strikes out swinging
Top of the 16th over - 0 run(s), 1 hit(s), 0 error(s), 1 left on base; Eau Claire 3 - Salem 3
BOTTOM OF THE 16TH
Salem Sledgehammers batting - Pitching for Eau Claire Esquires : RHP Kyle Horton
Batting: LHB Brent Alonzo 0-0: Ball
1-0: Called Strike
1-1: Swinging Strike
1-2: Ball
2-2: Foul Ball, location: 2F
2-2: DOUBLE (Line Drive, 7LS)
Batting: SHB Luis Alonso 0-0: Ball
1-0: Fly out, F9 (Flyball, 89M)
Batting: RHB Soshu Nakamura 0-0: Ball
1-0: Ground out 6-3 (Groundball, 6)
Batting: RHB Brad French 0-0: Ball
1-0: Foul Ball, location: 2F
1-1: Ball
2-1: Swinging Strike
2-2: Ground out 1-3 (Groundball, 13)
Bottom of the 16th over - 0 run(s), 1 hit(s), 0 error(s), 1 left on base; Eau Claire 3 - Salem 3
TOP OF THE 17TH
Eau Claire Esquires batting - Pitching for Salem Sledgehammers : LHP Allen Purss
Batting: RHB Roberto García 0-0: Foul Ball, location: 2F
0-1: Fly out, F3 (Popup, 3F)
Batting: SHB António De La Cruz 0-0: Ball
1-0: Ball
2-0: Ball
3-0: Called Strike
3-1: Base on Balls
Batting: LHB Edwin Ryan 0-0: Foul Ball, location: 2F
0-1: Ball
1-1: Swinging Strike
1-2: Strikes out swinging
Batting: RHB Carlos Rea 0-0: Called Strike
0-1: Ball
1-1: Called Strike
1-2: Strikes out looking
Top of the 17th over - 0 run(s), 0 hit(s), 0 error(s), 1 left on base; Eau Claire 3 - Salem 3
BOTTOM OF THE 17TH
Salem Sledgehammers batting - Pitching for Eau Claire Esquires : RHP Kyle Horton
Batting: RHB Dale Reeves 0-0: SINGLE (Groundball, 56D)
Batting: LHB José Rivera 0-0: Sac Bunt - play at first, batter OUT! 2-4
Dale Reeves to second
Batting: LHB Nathan Frey 0-0: Intentional Walk
Batting: RHB Valentino Agnelli 0-0: Called Strike
Dale Reeves is caught stealing 3rd base
Nathan Frey to second
0-1: Ball
1-1: Ball
2-1: Reached on Error, E6 (Popup, 6MD)
Nathan Frey to third
Batting: LHB Juan Aguilar 0-0: Ball
1-0: Ball
2-0: Ground out 6-3 (Groundball, 6)
Bottom of the 17th over - 0 run(s), 1 hit(s), 1 error(s), 2 left on base; Eau Claire 3 - Salem 3
TOP OF THE 18TH
Eau Claire Esquires batting - Pitching for Salem Sledgehammers : LHP Allen Purss
Batting: RHB Herb Bunch 0-0: Ball
1-0: Ground out 4-3 (Groundball, 4)
Batting: RHB Luis Pérez 0-0: Foul Ball, location: 2F
0-1: Ball
1-1: Ball
2-1: Ground out 6-3 (Groundball, 6)
Batting: RHB Norm Francis 0-0: Foul Ball, location: 2F
0-1: Ball
1-1: Called Strike
1-2: Ball
2-2: Foul Ball, location: 2F
2-2: Foul Ball, location: 2F
2-2: Ball
3-2: Base on Balls
Batting: LHB Howard Lambert 0-0: Called Strike
0-1: Ball
1-1: Ball
2-1: Foul Ball, location: 2F
2-2: Ball
3-2: Base on Balls
Norm Francis to second
Batting: RHB Seiji Kouno 0-0: Fly out, F6 (Line Drive, 6M)
Top of the 18th over - 0 run(s), 0 hit(s), 0 error(s), 2 left on base; Eau Claire 3 - Salem 3
BOTTOM OF THE 18TH
Salem Sledgehammers batting - Pitching for Eau Claire Esquires : RHP Kyle Horton
Batting: LHB Brent Alonzo 0-0: Called Strike
0-1: Ball
1-1: SINGLE (Line Drive, 4MD)
Batting: SHB Luis Alonso 0-0: Ball
1-0: Ball
2-0: Bunted foul
2-1: Sac Bunt - play at first, batter OUT! 2-4
Brent Alonzo to second
Batting: RHB Soshu Nakamura 0-0: Fly out, F7 (Flyball, 7LM)
Batting: RHB Brad French 0-0: Ball
1-0: Ball
2-0: Ball
3-0: Base on Balls
Batting: RHB Dale Reeves 0-0: Ball
1-0: Ball
2-0: Ball
3-0: Called Strike
3-1: Foul Ball, location: 2F
3-2: SINGLE (Groundball, 6MD) (infield hit)
Brent Alonzo to third
Brad French to second
Batting: LHB José Rivera 0-0: Called Strike
0-1: Ball
1-1: Ball
2-1: Foul Ball, location: 2F
2-2: Ball
3-2: Foul Ball, location: 2F
3-2: Base on Balls
Brent Alonzo scores
Brad French to third
Dale Reeves to second
This league is powered by Out of the Park Baseball, the baseball management simulation game for PC, Mac and Linux
Saturday, April 9th, 2016 - OOTP Baseball 16.8 Build 38